 Dungeon Crawl Stone Soup version 0.27.0-1-g7a089689b8 (webtiles) character file.

Game seed: 15014676465182894525

202 boggle the Insei (level 5, -11/34 HPs)
             Began as an Octopode Transmuter on Aug 14, 2021.
             Mangled by Duvessa (17 damage)
             ... on level 4 of the Dungeon.
             The game lasted 00:12:35 (3872 turns).

boggle the Insei (Octopode Transmuter)              Turns: 3872, Time: 00:12:35

Health: -11/34     AC:  1    Str: 10    XL:     5   Next: 80%
Magic:  8/9        EV: 17    Int: 16    God:
Gold:   70         SH:  0    Dex: 12    Spells: 9/10 levels left

rFire    . . .     SeeInvis .     - Unarmed
rCold    . . .     Faith    .   (no shield)
rNeg     . . .     Spirit   .   (helmet currently unavailable)
rPois    .         Reflect  .   (no amulet)
rElec    .         Harm     .   m - +4 ring of evasion
rCorr    +         Rampage  .   o - ring of resist corrosion
Will     .....                  (no ring)
Stlth    ++........             (no ring)
HPRegen  0.11/turn              (no ring)
MPRegen  0.11/turn              (no ring)
                                (no ring)
                                (no ring)

@: appendages (expiring)
A: tentacle spike 3, almost no armour, amphibious, 8 rings, camouflage 1,
gelatinous body 1, (nimble swimmer 1), tentacles
a: End Transformation


You were on level 4 of the Dungeon.
One of your tentacles had grown a beastly spike.
You visited 1 branch of the dungeon, and saw 4 of its levels.

You collected 70 gold pieces.

Inventory:

Hand Weapons
 j - a +0 dagger of protection
Jewellery
 m - a +4 ring of evasion (left tentacle)
 o - a ring of resist corrosion (right tentacle)
Wands
 i - a wand of digging (5)
Scrolls
 a - a scroll of magic mapping {unknown}
 b - a scroll of enchant armour {unknown}
 c - a scroll of vulnerability
 f - a scroll of summoning {unknown}
 h - 2 scrolls of enchant weapon {unknown}
 l - 3 scrolls of teleportation {unknown}
 q - a scroll of fog {unknown}
Potions
 d - 2 potions of curing {unknown}
 e - a potion of heal wounds {unknown}
 g - a potion of cancellation {unknown}
 k - a potion of haste {unknown}
 n - 2 potions of degeneration {unknown}
 p - a potion of invisibility {unknown}


   Skills:
 + Level 2.0 Fighting
 + Level 2.9 Dodging
 + Level 4.3 Unarmed Combat
 + Level 3.0 Spellcasting
 + Level 2.9 Transmutations


You had 9 spell levels left.
You knew the following spells:

 Your Spells              Type           Power      Damage    Failure   Level
a - Beastly Appendage     Tmut           22%        N/A       5%          1

Your spell library contained the following spells:

 Spells                   Type           Power      Damage    Failure   Level
 Wereblood                Tmut           11%        N/A       9%          2
 Spider Form              Tmut/Pois      3%         N/A       30%         3
 Ice Form                 Ice/Tmut       7%         N/A       71%         4


Dungeon Overview and Level Annotations

Branches:
Dungeon (4/15)
 Temple: D:4-7

Altars:

Annotations:
D:4 Duvessa


Innate Abilities, Weirdness & Mutations

One of your tentacles has grown a beastly spike.
You cannot wear most types of armour.
You are amphibious.
You can wear up to eight rings at the same time.
Your skin changes colour to match your surroundings (Stealth+).
Your rubbery body absorbs attacks. (AC +1, EV +1)
((You are camouflaged near water. (Stealth+)))
You have tentacles for arms and can constrict up to eight enemies at once.


Message History

o - a ring of resist corrosion (right tentacle)
There is an escape hatch in the floor here.
You slide downwards.
The hatch slams shut behind you.
Found a scale mail and a blue potion.
n - 2 blue potions (gained 1)
q - a scroll labelled YLONWAOVEG Dowan, Brother of Duvessa comes into view.
He is wielding a +0 dagger.
Duvessa, Sister of Dowan comes into view.
She is wielding a +0 short sword.
Dowan shouts!
Dowan casts a spell at you. The puff of flame misses you.
Found a robe and a book of Callings.
Casting: Beastly Appendage (safe; 6% risk of failure)
Press: ? - help, Q - select action Dir - look around, f - activate One of your tentacles grows a vicious spike.
You tentacle-slap Dowan but do no damage.
You grab Dowan.
You pierce Dowan.
Dowan is lightly wounded.
You constrict Dowan. Dowan hits you with a +0 dagger.
You tentacle-slap Dowan.
Dowan is heavily wounded.
You constrict Dowan. You tentacle-slap Dowan.
You pierce Dowan.
Dowan is almost dead.
You constrict Dowan. Dowan hits you with a +0 dagger.
Duvessa hits you with a +0 short sword.
You tentacle-slap Dowan.
You kill Dowan!
Duvessa screams, "No!
How DARE you!"
Duvessa goes berserk!
Duvessa hits you with a +0 short sword!
* * * LOW HITPOINT WARNING * * *
Duvessa misses you.
Your Fighting skill increases to level 2!
Your Spellcasting skill increases to level 3!
Okay, then.
Your transformation is almost over.
You hear a shout!
Duvessa hits you with a +0 short sword!
Ouch! That really hurt!
You die...

.# ##.# #.....#..#
.:. #..# ##....####
...# #..# ##[.##...#
....# ##..#
##..###.###
.....##...###...##..#
...........#...###.##
.....=.............#
#.....).e.....####.##
#[......#@.#### ##.#
......###..# ###
.....# #..# .##..
#..# ## ...# ....#
####. #


You could see Duvessa (berserk).

Vanquished Creatures
  Dowan (D:4)
  Jessica (D:2)
  Terence (D:3)
  2 adders
  4 worms
  5 dart slugs
  3 orcs (D:3)
  6 endoplasms
  3 giant cockroaches
  6 goblins
  3 hobgoblins
  4 jackals (D:1)
  2 quokkas
  5 ball pythons
  3 bats
  2 frilled lizards
  5 kobolds
  8 rats
64 creatures vanquished.

Notes
Turn   | Place    | Note
-------+----------+-------------------------------------------
     0 | D:1      | boggle the Octopode Transmuter began the quest for the Orb.
     0 | D:1      | Reached XP level 1. HP: 13/13 MP: 3/3
   164 | D:1      | Reached XP level 2. HP: 14/18 MP: 3/5
   239 | D:1      | Found a faded altar of an unknown god.
   934 | D:1      | Reached XP level 3. HP: 18/23 MP: 4/6
  1510 | D:2      | Noticed Jessica
  1519 | D:2      | Killed Jessica
  1520 | D:2      | Reached XP level 4. HP: 20/28 MP: 5/7
  2306 | D:2      | Reached skill level 4 in Unarmed Combat
  3176 | D:3      | Reached XP level 5. HP: 33/33 MP: 7/9
  3293 | D:3      | Noticed Terence
  3307 | D:3      | Killed Terence
  3861 | D:4      | Noticed Dowan
  3863 | D:4      | Noticed Duvessa
  3870 | D:4      | Killed Dowan
  3872 | D:4      | Mangled by Duvessa

Illustrated notes

Levels and vault maps discovered:
D:1:      psy_arrival_statuary, layout_rooms,
          ebering_ecumenical_altar_sacrificial
D:2:      minmay_diamond_boxcup, layout_loops_corners,
          chequers_serial_rivers_room_b, uniq_jessica
D:3:      layout_loops_cross, uniq_terence
D:4:      layout_layer_cave, nicolae_overflow_hidden_temple, temple_statues,
          uniq_duvessa

Skill      XL: |  1  2  3  4  5 |
---------------+----------------+-----
Unarmed Combat | 4 |  4.3
Fighting       | 2 |  2.0
Spellcasting   | 3 |  3.0
Dodging        | |  2.9
Transmutations | |  2.9

Action                   |  1- 3 |  4- 6 || total
-------------------------+-------+-------++-------
Melee: Unarmed           |    61 |    77 ||   138
       Kick              |    18 |    21 ||    39
       Constrict         |    18 |    24 ||    42
       Tentacles         |    11 |    14 ||    25
       Punch             |     2 |     5 ||     7
 Cast: Beastly Appendage |    15 |    18 ||    33
  Use: Scroll            |       |     1 ||     1
 Stab: Sleeping          |     1 |     3 ||     4
Armor: Skin              |     3 |     6 ||     9
Dodge: Dodged            |    55 |    35 ||    90
